[Event "Early-Titled-Tuesday-Blitz-May-07-2024"]
[Site "Chess.com"]
[Date "2024.05.07"]
[Round "11"]
[White "aljado"]
[Black "stratacticos"]
[Result "0-1"]
[WhiteElo "2140"]
[BlackElo "1866"]
[TimeControl "180+1"]
[EndTime "10:14:28 PDT"]
[Termination "stratacticos won by checkmate"]

1. e4 c5 2. Nf3 Nc6 3. d4 cxd4 4. Nxd4 e5 5. Nb5 d6 6. N1c3 a6 7. Na3 b5 8. Nd5 Nce7 9. c4 Nxd5 10. cxd5 Be7 11.
Be2 Bg5 12. Kf1 Nh6 13. Ke1 O-O 14. Kf1 Bd7 15. Ke1 Rc8 16. Kf1 g6 17. Nc2 Bxc1 18.
Rxc1 f5 19. Qd2 Kg7 20. h4 f4 21. Kg1 Qf6 22. Ne1 Rxc1 23. Qxc1 Rc8 24. Qd2 Bg4 25.
Bxg4 Nxg4 26. h5 g5 27. Qd1 Nh6 28. Nf3 Nf7 29. Qd2 h6 30. Qa5 g4 31. Ne1 Ng5 32.
Qxa6 Rc1 33. Qa7+ Nf7 34. Qa5 g3 35. Qd2 Rb1 36. Kf1 gxf2 37. Qxf2 Ng5 38. Qc2 Ra1 39. Kf2 Qd8 40. Qd2 Qb6+ 41. Kf1 Nxe4 42. Qc2 Ng3# 0-1

[Event "Early-Titled-Tuesday-Blitz-May-07-2024"]
[Site "Chess.com"]
[Date "2024.05.07"]
[Round "11"]
[White "chessdjw"]
[Black "stollenmonster"]
[Result "1-0"]
[WhiteElo "2790"]
[BlackElo "2914"]
[TimeControl "180+1"]
[EndTime "10:14:29 PDT"]
[Termination "chessdjw won by resignation"]

1. e4 c5 2. Nf3 Nf6 3. e5 Nd5 4. Nc3 e6 5. Ne4 Nc6 6. c4 f5 7.
Nd6+ Bxd6 8. exd6 Nf6 9. b3 O-O 10. Bb2 e5 11. d3 b6 12. g3 Re8 13. Bg2 e4 14. dxe4 Rxe4+ 15. Kf1 Bb7 16. Nh4 Nd4 17.
Bxe4 Nxe4 18. Bxd4 cxd4 19. Qxd4 Qg5 20. f3 f4 21.
fxe4 fxg3 22. hxg3 Qxg3 23. Nf5 Qf3+ 24. Kg1 Qg4+ 25.
Kh2 Qh5+ 26. Kg3 Qg5+ 27. Kf2 Rf8 28. Rag1 Rxf5+ 29. exf5 Qxf5+ 30. Ke3 Qe6+ 31. Kd2 g6 32.
Rh2 Qf7 33. Rf2 Bf3 34. Rg3 1-0

[Event "Early-Titled-Tuesday-Blitz-May-07-2024"]
[Site "Chess.com"]
[Date "2024.05.07"]
[Round "11"]
[White "MokshAD1603"]
[Black "Seochesspie"]
[Result "0-1"]
[WhiteElo "2633"]
[BlackElo "2838"]
[TimeControl "180+1"]
[EndTime "10:14:30 PDT"]
[Termination "Seochesspie won by resignation"]

1. d4 Nf6 2. c4 g6 3. Nc3 d5 4.
Nf3 Bg7 5. e3 O-O 6. cxd5 Nxd5 7. Bc4 Nxc3 8. bxc3 c5 9. O-O Qc7 10. Bd3 b6 11. e4 Bg4 12. Be3 Nc6 13. e5 Rad8 14.
Qc2 Bxf3 15. gxf3 cxd4 16. cxd4 Qd7 17. Bb5 Nxd4 18. Bxd7 Nxc2 19. Rad1 Nxe3 20. fxe3 Bxe5 21. Rd3 Kg7 22. Rc1 Rb8 23. Rd5 Bd6 24. e4 Rfd8 25. Bb5 Bc5+ 26. Kf1 Rxd5 27. exd5 Rd8 28. Bc6 Rd6 29.
Ke2 Rf6 30. Rc4 Rf5 31. Re4 Bd6 32. h4 h5 33. Kf2 Kf6 34. Kg2 Re5 35. Rxe5 Kxe5 36.
Be8 Kf6 37. Kh3 a6 38. a4 Bb4 39. Kg2 Kg7 40. Kh3 Be1 41. Bc6 Bf2 42. Bb7 b5 43. a5 b4 44. Bxa6 b3 45. Bd3 b2 46. Kg2 Ba7 47. f4 f6 48. Kf3 Kh6 49. a6 g5 50.
fxg5+ fxg5 51. Kg3 g4 52. Kf4 Bb8+ 53. Ke3 Kg7 54.
Kd2 g3 55. Ke2 Kf6 56. Kf3 Ke5 57. Kxg3 Kd4+ 0-1

[Event "Early-Titled-Tuesday-Blitz-May-07-2024"]
[Site "Chess.com"]
[Date "2024.05.07"]
[Round "11"]
[White "wonderfultime"]
[Black "kleinebeer98"]
[Result "1-0"]
[WhiteElo "3126"]
[BlackElo "2964"]
[TimeControl "180+1"]
[EndTime "10:14:32 PDT"]
[Termination "wonderfultime won by checkmate"]

1. d4 d5 2. Nf3 Nf6 3. Bf4 c5 4. c3 Nc6 5. e3 e6 6. Nbd2 Be7 7. Bd3 Nh5 8. Be5 Nxe5 9. Nxe5 Nf6 10. O-O O-O 11. f4 g6 12. Rf3 Nd7 13. Rh3 Bf6 14. Qg4 Bg7 15. Qg3 Qb6 16. Rb1 cxd4 17. cxd4 Nxe5 18. fxe5 Bd7 19. Qh4 h6 20. Rf3 Rac8 21.
Qe7 Bb5 22. Bxb5 Qxb5 23. Rbf1 Rce8 24. Qa3 a5 25. Nb1 b6 26. Nc3 Qc6 27. Qb3 Re7 28. h3 h5 29. Nb5 Bh6 30. Qd3 Kg7 31. Nd6 Rc7 32. R1f2 Bg5 33. Rg3 Bh4 34. Rxf7+ Rfxf7 35. Qxg6+ Kf8 36. Qg8+ Ke7 37. Qxf7+ Kd8 38. Rg8+ Qe8 39.
Rxe8# 1-0

[Event "Early-Titled-Tuesday-Blitz-May-07-2024"]
[Site "Chess.com"]
[Date "2024.05.07"]
[Round "11"]
[White "MatthewG-p4p"]
[Black "Aswathchess"]
[Result "1-0"]
[WhiteElo "2862"]
[BlackElo "2652"]
[TimeControl "180+1"]
[EndTime "10:14:32 PDT"]
[Termination "MatthewG-p4p won on time"]

1. e4 c5 2. c3 e5 3. Nf3 Nc6 4. Bc4 Nf6 5. Ng5 d5 6. exd5 Nxd5 7. Qh5 g6 8. Qf3 Qxg5 9. Bxd5 Nd8 10. O-O Qe7 11. d4 cxd4 12. cxd4 exd4 13. b3 Be6 14. Re1 Qd7 15. Nd2 Be7 16. Ne4 O-O 17. Bc4 Bxc4 18. bxc4 f5 19. Ng3 Nc6 20. Qd5+ Qxd5 21. cxd5 Bb4 22. Rd1 Bc3 23. Rb1 Nb4 24. Ne2 Nxd5 25. Rxb7 Rfe8 26. Kf1 Nb6 27. Bh6 Rad8 28. Rxa7 Nc4 29.
Rg7+ Kh8 30. Rc7 Nb2 31. Rb1 Nd3 32. Rbb7 1-0

[Event "Early-Titled-Tuesday-Blitz-May-07-2024"]
[Site "Chess.com"]
[Date "2024.05.07"]
[Round "11"]
[White "djano"]
[Black "ClauSanLuis"]
[Result "0-1"]
[WhiteElo "2555"]
[BlackElo "2450"]
[TimeControl "180+1"]
[EndTime "10:14:32 PDT"]
[Termination "ClauSanLuis won on time"]

1. Nc3 Nf6 2. e4 d6 3. d4 g6 4. Bf4 Nbd7 5. Nf3 Bg7 6. Qd2 O-O 7.
Bh6 e5 8. O-O-O exd4 9. Nxd4 Nc5 10. f3 Ne6 11. Nde2 b5 12. h4 b4 13. Nd5 Nxd5 14.
exd5 Qf6 15. Bxg7 Nxg7 16. Nd4 a5 17. g4 h5 18. g5 Qe5 19. Nc6 Qg3 20. Bc4 Nf5 21. Kb1 Bd7 22. Rdg1 Qxf3 23. Rf1 Qe3 24. Qg2 Bxc6 25. Rxf5 Bd7 26. Rf6 Rae8 27. Rd1 Re4 28. Bd3 Rxh4 29. Bxg6 fxg6 30. Rxg6+ Kh7 31. Rh6+ Kg7 32.
b3 Bf5 33. Rf6 Rxf6 34. gxf6+ Kxf6 35. Qg8 Qe4 36. Qf8+ Kg5 37. Qd8+ Kg4 38. Qxc7 Rh2 39. Rc1 h4 40. Qg7+ Kh3 41. Qf6 Rxc2 0-1

[Event "Early-Titled-Tuesday-Blitz-May-07-2024"]
[Site "Chess.com"]
[Date "2024.05.07"]
[Round "11"]
[White "Sofia_Blokhin"]
[Black "MiguelBestard1981"]
[Result "1-0"]
[WhiteElo "2257"]
[BlackElo "2172"]
[TimeControl "180+1"]
[EndTime "10:14:32 PDT"]
[Termination "Sofia_Blokhin won on time"]

1. d4 d5 2. c4 e5 3. dxe5 d4 4. a3 a5 5. e3 Nc6 6. f4 f6 7. Nf3 fxe5 8. fxe5 Bg4 9. exd4 Bxf3 10. Qxf3 Qh4+ 11. g3 Qxd4 12. Bh3 Nxe5 13. Qxb7 Nd3+ 14. Ke2 Rd8 15. Qb5+ Kf7 16. Rf1+ Nf6 17. Be3 Qxb2+ 18. Qxb2 Nxb2 19. Nd2 Nd3 20. Rab1 Bc5 21. Bxc5 Nxc5 22. Rb5 Rhe8+ 23. Kd1 Ne4 24. Rb2 Rd3 25. Bf5 Rd4 26.
Bxe4 Rexe4 27. Rb7 Kg6 28. Rxc7 Re3 29. Kc1 Rxa3 30.
Kb2 Re3 31. Nf3 Re2+ 32. Kc3 Rd6 33. Nh4+ 1-0

[Event "Early-Titled-Tuesday-Blitz-May-07-2024"]
[Site "Chess.com"]
[Date "2024.05.07"]
[Round "11"]
[White "Chessbard1972"]
[Black "Caterpiller35"]
[Result "1/2-1/2"]
[WhiteElo "2336"]
[BlackElo "2468"]
[TimeControl "180+1"]
[EndTime "10:14:34 PDT"]
[Termination "Game drawn by repetition"]

1. d4 Nf6 2. c4 g6 3. Nf3 Bg7 4.
g3 d6 5. Bg2 O-O 6. Nc3 Nc6 7.
O-O e5 8. dxe5 dxe5 9. Qxd8 Rxd8 10. Bg5 h6 11. Bxf6 Bxf6 12. Nd5 Kg7 13. Nxc7 Rb8 14.
Nd5 Be6 15. Nxf6 Kxf6 16. b3 Rd7 17. Rad1 Rbd8 18. Rxd7 Rxd7 19. Rc1 a5 20. h3 Nb4 21. a3 Na6 22. Ne1 Nc5 23. b4 Nb3 24. Rc3 Rd1 25.
Rxb3 Rxe1+ 26. Kh2 axb4 27. Rxb4 Rxe2 28. Kg1 Re1+ 29.
Kh2 Re2 30. Bxb7 Rxf2+ 31. Kg1 Rc2 32. Bd5 Bxd5 33. cxd5 Rc5 34. Rb6+ Ke7 35. d6+ Kd7 36. Ra6 Rc2 37. a4 f5 38. a5 Ra2 39. Ra7+ Kxd6 40. Ra6+ Kd5 41. Rxg6 Rxa5 42. Rxh6 Ke4 43.
Rf6 Ra1+ 44. Kf2 Ra2+ 45. Kg1 Kf3 46. Rxf5+ Kxg3 47. Kf1 Kxh3 48. Rxe5 Kg3 49. Ke1 Kf4 50. Rb5 Ke3 51. Kd1 Rd2+ 52. Kc1 Rh2 53. Kb1 Kd3 54. Rb3+ Kc4 55. Rg3 Kb4 56. Kc1 Kc4 57. Kd1 Kd4 58. Ke1 Ra2 59. Kf1 Ke4 60. Kg1 Kf4 61. Rb3 Rc2 62. Kf1 Ra2 63. Ke1 Rh2 64. Kd1 Ke4 65. Kc1 Kd4 66. Rg3 Kc4 67. Kb1 Rf2 68. Rh3 Rg2 69. Rf3 Rh2 70. Rg3 1/2-1/2

[Event "Early-Titled-Tuesday-Blitz-May-07-2024"]
[Site "Chess.com"]
[Date "2024.05.07"]
[Round "11"]
[White "Airquake"]
[Black "ansko1999"]
[Result "0-1"]
[WhiteElo "2796"]
[BlackElo "2660"]
[TimeControl "180+1"]
[EndTime "10:14:35 PDT"]
[Termination "ansko1999 won on time"]

1. e4 c5 2. Nf3 Nf6 3. e5 Nd5 4. d4 cxd4 5. Qxd4 e6 6. Bc4 Nc6 7.
Qe4 Nb6 8. Bd3 d6 9. Nc3 dxe5 10.
Nxe5 Nxe5 11. Qxe5 Bd7 12. Nb5 Nd5 13. c4 Bxb5 14.
cxb5 Bb4+ 15. Kf1 O-O 16. g3 Be7 17. Kg2 Nf4+ 18. Bxf4 Qxd3 19. Rhd1 Qg6 20. Rd7 Bf6 21. Qe2 b6 22. Rc1 Rfd8 23. Rcc7 Rxd7 24. Rxd7 Qf5 25. Qc4 g5 26. Be3 Bxb2 27. Qc6 Rf8 28. Rxa7 e5 29. Qf3 Qg6 30. Qd5 Rc8 31. Rb7 Bd4 32. Bxd4 exd4 33.
Qxd4 Qf5 34. Rxb6 g4 35. a4 Qf3+ 0-1

[Event "Early-Titled-Tuesday-Blitz-May-07-2024"]
[Site "Chess.com"]
[Date "2024.05.07"]
[Round "11"]
[White "Barbix1"]
[Black "viktorgen2021"]
[Result "0-1"]
[WhiteElo "2304"]
[BlackElo "2503"]
[TimeControl "180+1"]
[EndTime "10:14:35 PDT"]
[Termination "viktorgen2021 won on time"]

1. d4 Nf6 2. c4 g6 3. Nc3 Bg7 4. e4 d6 5. h3 O-O 6. Be3 c6 7. Nf3 Qc7 8. Nd2 e5 9. d5 a5 10. Be2 Na6 11. g4 Nd7 12. h4 Ndc5 13.
h5 Nb4 14. Qb1 f5 15. hxg6 hxg6 16. gxf5 gxf5 17. Bxc5 dxc5 18. a3 Na6 19. Qd3 f4 20. O-O-O Qd6 21. Rdg1 Rf7 22. Bh5 Re7 23. Rg6 Qd8 24. Rhg1 b5 25. Nf3 Nb4 26. Qf1 bxc4 27. Qg2 Raa7 28. Qg5 Nd3+ 29. Kc2 Qb6 30. Nd1 Qb3+ 31.
Kd2 Nxb2 32. Nxb2 c3+ 33. Ke2 Qc2+ 34. Kf1 cxb2 35. Kg2 b1=Q 36. Rxb1 Qxb1 37. Nxe5 Qxe4+ 38. Nf3 Bf5 39. Rf6 Bc8 40. d6 Qd5 41. dxe7 Qxg5+ 42. Nxg5 Rxe7 0-1

[Event "Early-Titled-Tuesday-Blitz-May-07-2024"]
[Site "Chess.com"]
[Date "2024.05.07"]
[Round "11"]
[White "FuenfgegenWilly"]
[Black "Ivan11Martic"]
[Result "0-1"]
[WhiteElo "2457"]
[BlackElo "2620"]
[TimeControl "180+1"]
[EndTime "10:14:36 PDT"]
[Termination "Ivan11Martic won by resignation"]

1. e4 c5 2. Nc3 Nc6 3. f4 e6 4. Nf3 a6 5. g3 d5 6. d3 b5 7. Bg2 d4 8. Ne2 Nf6 9. O-O Be7 10. h3 Bb7 11. g4 Nd7 12. Ng3 Qc7 13. e5 Nb6 14. Ne4 Nd5 15. Qe1 h6 16. a3 O-O-O 17. Qg3 f5 18. exf6 gxf6 19. Nh4 Rdg8 20. f5 e5 21. Ng6 Rh7 22. h4 Kb8 23. Nxc5 Bxc5 24.
Bxd5 Rd8 25. Be4 Ne7 26. Qf3 Bxe4 27. Qxe4 Bb6 28. Rf2 Nd5 29. g5 hxg5 30. hxg5 Ne3 31. Bxe3 dxe3 32. Re2 fxg5 33. Rf1 Rd4 34. Qxe5 Rg4+ 35.
Rg2 e2+ 36. Rf2 e1=Q+ 37. Qxe1 Rxg2+ 38. Kxg2 Rh2+ 39. Kf1 Rxf2+ 40. Qxf2 Bxf2 41. Kxf2 Qh2+ 42. Kf3 Qxc2 43. Ke4 Qe2+ 44. Kd5 Qxd3+ 45. Ke6 g4 46. Ne5 Qb3+ 47. Ke7 g3 48. f6 Qe3 49. Ke6 Qh6 50. Nd7+ Kc7 51. Ke7 Qe3+ 0-1

[Event "Early-Titled-Tuesday-Blitz-May-07-2024"]
[Site "Chess.com"]
[Date "2024.05.07"]
[Round "11"]
[White "ilqar_74"]
[Black "Njal28"]
[Result "0-1"]
[WhiteElo "2837"]
[BlackElo "3104"]
[TimeControl "180+1"]
[EndTime "10:14:37 PDT"]
[Termination "Njal28 won by resignation"]

1. e4 c6 2. Nf3 d5 3. Nc3 Bg4 4. h3 Bxf3 5. Qxf3 e6 6. d4 dxe4 7. Qxe4 Nf6 8. Qd3 Nbd7 9. Be2 Bd6 10. O-O O-O 11. Ne4 Nxe4 12. Qxe4 Nf6 13. Qf3 Be7 14.
c3 Qd5 15. Re1 Qxf3 16. Bxf3 Rfd8 17. Bg5 h6 18. Bxf6 Bxf6 19. Rad1 Kf8 20. Kf1 Rd6 21. Ke2 Rad8 22. g3 R6d7 23. Be4 g6 24. h4 h5 25. Bf3 Be7 26. Rd3 Bd6 27. Red1 Bc7 28. c4 Bb6 29. d5 cxd5 30. cxd5 e5 31. Bg2 e4 32. R3d2 Re8 33. Kf1 Rd6 34. Re2 f5 35. f3 e3 36. f4 Rc8 37. Bf3 Ke7 38. Kg2 Rdd8 39. Ree1 Kd6 40. Re2 Rc7 41. Rd3 Rdc8 42. Rd1 Rc2 43. Re1 Rxe2+ 44. Rxe2 Rc1 45. Kh2 Bd4 46. Kg2 a5 47. b3 b5 48. Kh2 a4 49. bxa4 bxa4 50. Kg2 a3 51. Kh2 Kc5 52. Kg2 Kd6 53. Kh2 Kd7 54. Kg2 Rb1 55. Kh2 Rb2 56. Kg2 Bc3 57. d6 Kxd6 58. Kh3 Bd2 59. Rg2 Rxa2 60.
Rg1 Rc2 61. Be2 a2 62. Bd3 Rc1 0-1

[Event "Early-Titled-Tuesday-Blitz-May-07-2024"]
[Site "Chess.com"]
[Date "2024.05.07"]
[Round "11"]
[White "Goryachkina"]
[Black "jcibarra"]
[Result "0-1"]
[WhiteElo "2702"]
[BlackElo "2918"]
[TimeControl "180+1"]
[EndTime "10:14:37 PDT"]
[Termination "jcibarra won on time"]

1. e4 a6 2. Nf3 b5 3. d4 Bb7 4. Bd3 e6 5. O-O d6 6. Nbd2 Ne7 7. Re1 Ng6 8. Nf1 Be7 9. Be3 Nd7 10. Ng3 h5 11. h3 h4 12. Nf1 c5 13. c3 Qc7 14. a4 c4 15. Bc2 e5 16. axb5 axb5 17. Rxa8+ Bxa8 18. Qd2 Nf6 19. d5 O-O 20. Ra1 Bb7 21. Qe1 Nh5 22. Ra7 Nhf4 23.
Qa1 Qd7 24. Kh2 Rb8 25. b3 cxb3 26. Bxb3 Bd8 27. c4 bxc4 28. Bxc4 Qc8 29. Qa2 Nf8 30. N1d2 Nd7 31. Bb5 Nc5 32. Nc4 Nxe4 33. Bxf4 exf4 34. Qe2 Bxd5 35. Ncd2 Qc5 36. Nxe4 Qxa7 37. Nxd6 Qe7 38. Qxe7 Bxe7 39. Nf5 Bxf3 40. Nxe7+ Kf8 41. gxf3 Kxe7 0-1

[Event "Early-Titled-Tuesday-Blitz-May-07-2024"]
[Site "Chess.com"]
[Date "2024.05.07"]
[Round "11"]
[White "kemelgallo"]
[Black "bancsoo"]
[Result "0-1"]
[WhiteElo "2655"]
[BlackElo "2863"]
[TimeControl "180+1"]
[EndTime "10:14:37 PDT"]
[Termination "bancsoo won by resignation"]

1. e4 e5 2. Nf3 d6 3. Nc3 Nf6 4.
d4 exd4 5. Nxd4 Be7 6. g3 O-O 7. Bg2 Re8 8. O-O Bf8 9. Re1 c6 10. a4 a5 11. h3 Na6 12. Nb3 Nb4 13. Bf4 d5 14. Rc1 dxe4 15. Qxd8 Rxd8 16. Bc7 Re8 17. Nxe4 Nxe4 18. Rxe4 Rxe4 19. Bxe4 Bxh3 20. Nxa5 Na6 21. Bb6 Bc5 22. Nc4 Be6 23. Bd3 Bxc4 24. Bxc5 Bxd3 25. cxd3 Nxc5 26. Rxc5 Rxa4 27. Rc2 f5 28. Kf1 Kf7 29. Ke2 Ke6 30. Ke3 g5 31. Re2 Kd5 32. Kd2 f4 33.
Re7 fxg3 34. fxg3 b5 35. Rxh7 Rg4 36. Rd7+ Kc5 37. Kc3 b4+ 38. Kb3 Rxg3 39. Rd8 g4 40. Rd7 Rf3 41. Kc2 g3 42. Rg7 Kd4 43. Rg4+ Ke3 44.
Kb3 c5 45. Kc4 Rf4+ 0-1

[Event "Early-Titled-Tuesday-Blitz-May-07-2024"]
[Site "Chess.com"]
[Date "2024.05.07"]
[Round "11"]
[White "Arhan_Anand"]
[Black "alpope"]
[Result "1-0"]
[WhiteElo "2621"]
[BlackElo "2532"]
[TimeControl "180+1"]
[EndTime "10:14:37 PDT"]
[Termination "Arhan_Anand won on time"]

1. d4 g6 2. e4 Bg7 3. Nf3 d6 4. Be2 a6 5. c4 Nd7 6. Nc3 e5 7. d5 Ne7 8. O-O O-O 9. Ne1 f5 10.
Nd3 Nf6 11. f3 Qe8 12. Be3 h6 13. Kh1 g5 14. b4 f4 15. Bg1 Qh5 16. Nf2 Qh4 17. Ng4 Qh5 18. c5 Qg6 19. cxd6 cxd6 20. Nxf6+ Rxf6 21. Na4 g4 22. Nb6 Rb8 23. Nxc8 Rxc8 24.
Rc1 Rff8 25. Qa4 h5 26. Qd7 Rce8 27. Rc7 Bf6 28. Qxd6 h4 29. Qe6+ Kh8 30. Qxg4 Qxg4 31. fxg4 h3 32. Bc5 hxg2+ 33. Kxg2 Rg8 34. h3 Ng6 35.
Rxb7 Nh4+ 36. Kh2 a5 37. bxa5 Rc8 38. Rb5 Bg5 39. a6 f3 40. Bxf3 Bf4+ 41. Kg1 Rxc5 42. Rxc5 Be3+ 43. Kh2 Bxc5 44. Be2 Be3 45. Kg3 Ng6 46.
Rf6 Bf4+ 47. Kf2 Kg7 48. Rc6 Ra8 49. Bb5 Kh6 50. Rc7 Rb8 51. a7 Rxb5 52. a8=Q Rb2+ 53. Ke1 Bg3+ 54. Kd1 Kg5 55. Qa3 Rg2 56. Qf3 Nf4 57.
Rf7 Rf2 58. Qxg3 1-0

[Event "Early-Titled-Tuesday-Blitz-May-07-2024"]
[Site "Chess.com"]
[Date "2024.05.07"]
[Round "11"]
[White "KorolDimitriy75"]
[Black "kuchma777"]
[Result "0-1"]
[WhiteElo "2386"]
[BlackElo "2511"]
[TimeControl "180+1"]
[EndTime "10:14:38 PDT"]
[Termination "kuchma777 won on time"]

1. d4 Nf6 2. c4 e6 3. Nc3 Bb4 4. Qc2 c5 5. dxc5 O-O 6. Nf3 Re8 7. a3 Bxc5 8. Bg5 a5 9. e3 h6 10. Bh4 Nc6 11. Be2 b6 12. O-O Bb7 13. Rfd1 Be7 14. Nb5 Ba6 15. Nd6 Rf8 16. Rd2 Ne8 17. Bxe7 Qxe7 18.
Rad1 Nxd6 19. Rxd6 Ra7 20. Qd2 Nb8 21. Rxb6 Bb7 22.
Nd4 d5 23. Nb5 Ra8 24. Bf3 Rd8 25. cxd5 Bxd5 26. Bxd5 Rxd5 27. Qe2 Rxd1+ 28. Qxd1 Nd7 29. Rd6 Nc5 30. h3 Rb8 31. a4 g6 32. b3 Ne4 33.
Rd7 Qf6 34. Qd4 Qxf2+ 0-1

[Event "Early-Titled-Tuesday-Blitz-May-07-2024"]
[Site "Chess.com"]
[Date "2024.05.07"]
[Round "11"]
[White "AlexeiShirov"]
[Black "Cipy77"]
[Result "1-0"]
[WhiteElo "2864"]
[BlackElo "2630"]
[TimeControl "180+1"]
[EndTime "10:14:39 PDT"]
[Termination "AlexeiShirov won by resignation"]

1. e4 c5 2. Nf3 d6 3. d4 cxd4 4. Nxd4 Nf6 5. Nc3 g6 6. Be3 Bg7 7. f3 a6 8. g4 h5 9. g5 Nfd7 10. f4 Nc6 11. Bg2 Qc7 12. Nd5 Qa5+ 13. c3 e6 14. Nf6+ Nxf6 15. gxf6 Bxf6 16. Nxc6 bxc6 17.
Qxd6 Bb7 18. O-O-O Rd8 19. Qc5 Qxa2 20. Rxd8+ Bxd8 21.
e5 Qa1+ 22. Kc2 Qa4+ 23. Kb1 Be7 24. Qa7 Bc8 25. Qc7 Bd7 26. Qb8+ Bd8 27. Bc5 Qc4 28.
Qd6 Qb5 29. Rd1 Qb7 30. Rd4 Qc7 31. Rb4 Qxd6 32. Bxd6 f6 33. Rb8 fxe5 34. fxe5 Kf7 35. Rb7 Ke8 36. Be4 Rg8 37. Rb8 Kf7 38. Rb7 Ke8 39. Rb8 g5 40. Bc7 Ke7 41. Bd6+ Kf7 42. Rb7 Ke8 43. Kc2 g4 44. Bd3 h4 45. Bxa6 g3 46. Be2 Rg5 47. hxg3 hxg3 48. Bf3 Rf5 49. Be4 g2 50. Bxf5 g1=Q 51. Bd3 Qf2+ 52. Kb3 c5 53. Bg6+ Qf7 54. Bxf7+ Kxf7 55. Rxd7+ Ke8 56. Rxd8+ Kxd8 57. Kc4 Kd7 58. Kxc5 1-0

[Event "Early-Titled-Tuesday-Blitz-May-07-2024"]
[Site "Chess.com"]
[Date "2024.05.07"]
[Round "11"]
[White "Semetey"]
[Black "Silvederione"]
[Result "0-1"]
[WhiteElo "2586"]
[BlackElo "2520"]
[TimeControl "180+1"]
[EndTime "10:14:39 PDT"]
[Termination "Silvederione won by checkmate"]

1. Nc3 Nf6 2. e4 e5 3. f4 d5 4. fxe5 Nxe4 5. Nf3 Nc6 6. Qe2 Bf5 7. d3 Nxc3 8. bxc3 d4 9. Bd2 Bc5 10. Rb1 O-O 11.
Rb5 b6 12. g3 Re8 13. Bg2 Bg4 14. O-O Nxe5 15. Qf2 Nxf3+ 16. Bxf3 dxc3 17. Rxc5 Bxf3 18. Rxc3 Bd5 19. a4 c5 20. Ra3 Qd7 21. Bc3 Qg4 22.
Qf5 Qxf5 23. Rxf5 Rad8 24. Kf2 f6 25. Ra1 Be6 26. Rf4 Bd5 27. a5 Re6 28. axb6 axb6 29. Ra7 Rde8 30. Rg4 g6 31. Rh4 h5 32. Rf4 Re2+ 33. Kf1 Rxc2 34. Bxf6 Bg2+ 35. Kg1 Re1+ 36. Rf1 Rxf1# 0-1

[Event "Early-Titled-Tuesday-Blitz-May-07-2024"]
[Site "Chess.com"]
[Date "2024.05.07"]
[Round "11"]
[White "IM_ArthurDW08"]
[Black "Shuvalov"]
[Result "1-0"]
[WhiteElo "2722"]
[BlackElo "2573"]
[TimeControl "180+1"]
[EndTime "10:14:42 PDT"]
[Termination "IM_ArthurDW08 won by resignation"]

1. e4 e6 2. d4 d5 3. Nc3 Bb4 4. e5 c5 5. a3 Bxc3+ 6. bxc3 Ne7 7. Qg4 Qc7 8. Bd3 c4 9. Be2 Nf5 10. Qf4 Qa5 11. Bd2 Nc6 12. g4 Nfe7 13. h4 Bd7 14.
h5 h6 15. Nf3 Rg8 16. a4 O-O-O 17. g5 Nf5 18. gxh6 gxh6 19. Nh4 Nce7 20. Nxf5 Nxf5 21.
Bg4 Rxg4 22. Qxg4 Bxa4 23. Ke2 Qb5 24. Rhb1 Qd7 25. Rb4 b5 26. Raxa4 bxa4 27. Qg1 Qc7 28. Rxa4 Rd7 29. Qb1 Qc6 30. Qb4 Rb7 31. Qf8+ Kc7 32. Ra5 Qd7 33. Rc5+ Kb6 34. Bxh6 Nxh6 35. Qxh6 Rc7 36.
Qf8 Rxc5 37. Qxc5+ Kb7 38. h6 Qe8 39. Qb4+ Ka6 40. Qa3+ Kb7 41. Qc1 Qg8 42. Qf4 Qg6 43.
Qf6 Qxc2+ 44. Kf3 Qe4+ 45. Kg3 Qd3+ 46. f3 Qb1 47. Qxf7+ Kb6 48. Qxe6+ Kb5 49. Qxd5+ Ka6 50. Qxc4+ Kb6 51. Qb4+ Qxb4 52. cxb4 1-0

[Event "Early-Titled-Tuesday-Blitz-May-07-2024"]
[Site "Chess.com"]
[Date "2024.05.07"]
[Round "11"]
[White "Eloist"]
[Black "Navyblue1"]
[Result "1-0"]
[WhiteElo "2391"]
[BlackElo "2227"]
[TimeControl "180+1"]
[EndTime "10:14:47 PDT"]
[Termination "Eloist won on time"]

1. e4 c5 2. Nf3 d6 3. Bb5+ Nd7 4. O-O a6 5. Bd3 Ngf6 6. Re1 g6 7. c3 Bg7 8. Bf1 O-O 9. d4 cxd4 10. cxd4 e5 11. Nc3 Qc7 12. Be3 b5 13. Rc1 Qa5 14. dxe5 dxe5 15. Qd6 Bb7 16. Nd2 Qd8 17. f3 Qb8 18. Qxb8 Raxb8 19. Nb3 Rbc8 20. Na5 Ba8 21. a4 bxa4 22.
Nxa4 Rb8 23. Bxa6 Rfd8 24. Red1 Bf8 25. Nc6 Bxc6 26. Rxc6 Re8 27. Bc4 Rb4 28. b3 Kg7 29.
Rc7 Rd8 30. Nc3 Rbb8 31. Nd5 Bc5 32. Bxc5 Nxc5 33. Ra1 Ne6 34. Re7 Nxd5 35. Bxd5 Rb6 36. Raa7 Rdd6 37. Rxf7+ Kh6 38. Rxh7+ Kg5 39. g3 Nf4 40.
h4+ 1-0

[Event "Early-Titled-Tuesday-Blitz-May-07-2024"]
[Site "Chess.com"]
[Date "2024.05.07"]
[Round "11"]
[White "tusplingher"]
[Black "unbreakablepawn35"]
[Result "1-0"]
[WhiteElo "2571"]
[BlackElo "2426"]
[TimeControl "180+1"]
[EndTime "10:14:48 PDT"]
[Termination "tusplingher won by resignation"]

1. e4 d5 2. exd5 Qxd5 3. Nc3 Qd8 4. Bc4 Nf6 5. d3 a6 6. a4 Nc6 7. h3 e5 8. Nf3 Bb4 9. O-O O-O 10. Ne4 Nxe4 11.
dxe4 Qxd1 12. Rxd1 Bd6 13. c3 h6 14. Be3 Kh7 15. Nd2 f5 16. exf5 Bxf5 17. Bd5 Bd7 18. Nc4 Rf6 19. Be4+ g6 20. Rd2 Rd8 21. Rad1 Be8 22.
b3 b5 23. axb5 axb5 24. Bxc6 Bxc6 25. Nxe5 Be4 26. Ng4 Rf7 27. Bxh6 Bf5 28. Be3 Re8 29. Bd4 Bf4 30. Ra2 Bxg4 31. hxg4 Rd7 32. g3 Be5 33. Rad2 Red8 34. Be3 Rxd2 35. Rxd2 Rxd2 36. Bxd2 Kg7 37.
Kf1 Kf6 38. Ke2 c5 39. Kd3 Ke6 40. Ke4 Bf6 41. f4 c4 42. bxc4 bxc4 43. f5+ gxf5+ 44. gxf5+ Kd6 45. g4 Ke7 46. g5 Bh8 47. Kd5 Kf7 48.
Kxc4 Be5 49. Kd5 Bb8 50. c4 Bh2 51. c5 Ke8 52. Ke6 Bb8 53. g6 Kf8 54. f6 Kg8 55. Bh6 1-0

[Event "Early-Titled-Tuesday-Blitz-May-07-2024"]
[Site "Chess.com"]
[Date "2024.05.07"]
[Round "11"]
[White "chess_sharparchitect"]
[Black "Alina_Gumerovna"]
[Result "1-0"]
[WhiteElo "2267"]
[BlackElo "2180"]
[TimeControl "180+1"]
[EndTime "10:14:48 PDT"]
[Termination "chess_sharparchitect won on time"]

1. c4 Nf6 2. Nc3 g6 3. d4 Bg7 4. e4 d6 5. h3 O-O 6. Be3 e5 7. d5 Nh5 8. g3 Qe8 9. Be2 f6 10. Qd2 f5 11. Bxh5 gxh5 12. Nge2 a5 13. O-O-O Na6 14.
exf5 Bxf5 15. g4 Bg6 16. gxh5 Bxh5 17. Rdg1 Bg6 18. h4 h5 19. Rg5 Nb4 20. Rhg1 Rf6 21. Ng3 Bh6 22. Nxh5 Bxg5 23. Rxg5 Qf7 24. Nxf6+ Qxf6 25. h5 Nd3+ 26. Kd1 Nxb2+ 27. Qxb2 Qf3+ 28. Qe2 Qh1+ 29. Kd2 Kh7 30. hxg6+ Kg7 31. Qh5 Rh8 32. Qxh1 Rxh1 33. Rg2 Ra1 34. Kd3 c6 35. dxc6 bxc6 36.
Bd2 Rf1 37. Ke2 Rh1 38. Rg3 Rh4 39. Rd3 1-0

[Event "Early-Titled-Tuesday-Blitz-May-07-2024"]
[Site "Chess.com"]
[Date "2024.05.07"]
[Round "11"]
[White "yaguigor"]
[Black "MarkusRagger"]
[Result "0-1"]
[WhiteElo "2581"]
[BlackElo "2793"]
[TimeControl "180+1"]
[EndTime "10:14:50 PDT"]
[Termination "MarkusRagger won on time"]

1. e4 e5 2. Nf3 Nc6 3. Bb5 a6 4. Ba4 Bc5 5. O-O Nge7 6. c3 Ba7 7. d4 Ng6 8. Bg5 f6 9. Be3 O-O 10. Nbd2 Kh8 11. Re1 exd4 12. cxd4 d5 13. exd5 Nb4 14. Ne4 Nxd5 15. Nc5 b6 16. Nd3 Bb7 17. Rc1 Qd6 18.
Qc2 Nge7 19. Bd2 Rad8 20. a3 Bb8 21. h3 Ng6 22. Bc6 Bc8 23. Qc4 Ndf4 24. Nxf4 Nxf4 25. Bxf4 Qxf4 26. d5 Qxc4 27. Rxc4 b5 28. Rce4 Ba7 29. Re7 Bb6 30. b4 Kg8 31. Kf1 Bf5 32. g4 Bd3+ 33.
Kg2 Bc4 34. Kg3 Bxd5 35. Bxd5+ Rxd5 36. Re8 Rd3 37. Rxf8+ Kxf8 38. Ra1 Rb3 39. Ra2 Kf7 40.
h4 Ke6 41. Kf4 Rd3 42. Ke4 Rd1 43. Re2 Rc1 0-1